 Dungeon Crawl Stone Soup version 0.24-a0-189-g5d897e9 (webtiles) character file.

Game seed: 8183809606206924070

15631 Ivan the Blocker (level 12, -14/110 HPs)
             Began as a Minotaur Fighter on Mar 15, 2019.
             Was an Elder of Trog.
             Demolished by a red ugly thing (16 damage)
             ... on level 12 of the Dungeon on Mar 16, 2019.
             The game lasted 00:42:35 (11803 turns).

Ivan the Blocker (Minotaur Fighter)                Turns: 11803, Time: 00:42:39

Health: -14/110    AC: 15    Str: 25    XL:     12   Next: 2%
Magic:  11/11      EV: 11    Int:  5    God:    Trog [****..]
Gold:   765        SH: 13    Dex: 11    Spells: 11/11 levels left

rFire    . . .     SeeInvis .   a - +0 war axe
rCold    . . .     Gourm    .   c - +0 shield
rNeg     . . .     Faith    .   b - +0 scale mail
rPois    +         Spirit   .   (helmet restricted)
rElec    .         Reflect  .   y - +0 cloak
rCorr    .         Harm     .   o - +0 pair of gloves
MR       +....     Rnd*Rage +   K - +2 pair of boots
Stlth    ..........             m - amulet of the acrobat
HPRegen  0.28/turn              g - ring of protection from magic
MPRegen  0.12/turn              h - ring of poison resistance

@: no status effects
A: retaliatory headbutt, claws 1, horns 2, repulsion field 1, berserk 1, wild
magic 1
a: Berserk, Trog's Hand, Brothers in Arms, Renounce Religion


You were on level 12 of the Dungeon.
You worshipped Trog.
Trog was greatly pleased with you.
You were hungry.

You visited 2 branches of the dungeon, and saw 13 of its levels.
You also visited: Sewer and Ossuary.

You collected 815 gold pieces.
You spent 50 gold pieces at shops.

Inventory:

Hand Weapons
 a - a +0 war axe (weapon)
Armour
 b - a +0 scale mail (worn)
 c - a +0 shield (worn)
 o - a +0 pair of gloves (worn)
 y - a +0 cloak (worn)
 K - a +2 pair of boots (worn)
Jewellery
 g - a ring of protection from magic (left hand)
 h - a ring of poison resistance (right hand)
 m - an amulet of the acrobat (around neck)
 u - a cursed -2 ring of intelligence
 F - a +3 ring of dexterity {unknown}
Wands
 N - a wand of digging (8)
Scrolls
 e - 2 scrolls of fog
 i - 2 scrolls of immolation
 j - 2 scrolls of enchant weapon
 l - 7 scrolls of teleportation
 r - 8 scrolls of remove curse
 s - 2 scrolls of blinking
 w - 2 scrolls of magic mapping
 A - 4 scrolls of fear
 B - a scroll of identify
 C - a scroll of amnesia
Potions
 d - a potion of might
 k - 2 potions of lignification
 n - 3 potions of haste
 q - 5 potions of heal wounds
 t - 5 potions of curing
 v - 3 potions of magic
 x - a potion of ambrosia
 z - a potion of invisibility
 D - a potion of cancellation
 E - 2 potions of agility
Comestibles
 f - 16 rations
 p - 4 chunks of flesh


   Skills:
 * Level 11.4 Fighting
 + Level 12.6 Axes
 * Level 10.8 Armour
 - Level 0.2 Dodging
 * Level 13.1 Shields


You had 11 spell levels left.
You didn't know any spells.
Your spell library was empty.

Dungeon Overview and Level Annotations

Branches:
Dungeon (12/15)            Temple (1/1) D:6            Lair (0/6) D:9
    Orc (0/2) D:10

Altars:
Ashenzari
Cheibriados
Dithmenos
Elyvilon
Fedhas
Gozag
Hepliaklqana
Kikubaaqudgha
Makhleb
Nemelex Xobeh
Okawaru
Qazlal
Ru
Sif Muna
Trog
Uskayaw
Vehumet
Wu Jian
Xom
Yredelemnul
Zin
The Shining One

Shops:
D:11 *


Innate Abilities, Weirdness & Mutations

You reflexively headbutt those who attack you in melee.
You have a pair of horns on your head.
You have sharp fingernails.
You are surrounded by a mild repulsion field. (EV +2)
You tend to lose your temper in combat.
Your spells are a little harder to cast, but a little more powerful.


Message History

You hit the red ugly thing but do no damage.
The red ugly thing is severely wounded.
The red ugly thing gores you.
You are engulfed in flames!!
You barely miss the red ugly thing.
The red ugly thing is severely wounded.
The red ugly thing gores you!
You are engulfed in flames!
* * * LOW HITPOINT WARNING * * *
You hit the red ugly thing. You headbutt the red ugly thing!
The red ugly thing is almost dead.
The red ugly thing gores you.
* * * LOW HITPOINT WARNING * * *
You are engulfed in flames!!
* * * LOW HITPOINT WARNING * * *
You hit the red ugly thing but do no damage.
Your headbutt misses the red ugly thing.
The red ugly thing is almost dead.
The red ugly thing gores you.
* * * LOW HITPOINT WARNING * * *
You are engulfed in flames!
You die...

######################
.......@..............
.......u#####C....####
#...#...# #.....# #..
#...# #.....# #..#
#...#...# #.....#
#..##...#...#..>#
#.....#
#..##...#...#...#
#...>.#
#..##...#...#...#
#.....# #..##...#...#
#.....#


You could see a red ugly thing and a cyclops.

Vanquished Creatures
  A hydra (D:11)
  3 two-headed ogres
  Fannar (D:10)
  Pikel (D:4)
  A cyclops (D:8)
  A gargoyle (D:10)
  A kobold demonologist (D:12)
  4 trolls
  A hornet (D:8)
  Grinder (D:5)
  2 hippogriffs
  Sigmund (D:6)
  6 yaks (D:12)
  Eustachio (D:6)
  4 hogs (D:10)
  A human (D:10)
  Grum (D:10)
  9 orc warriors
  2 sky beasts
  2 ice beasts
  A necrophage (D:11)
  2 phantoms
  5 ogres
  4 wolves (D:10)
  2 centaurs
  10 bullfrogs
  5 big kobolds
  A gnoll sergeant (D:8)
  2 wyvern zombies
  2 scorpions
  9 killer bees
  3 howler monkeys (D:8)
  6 wights
  7 crimson imps
  2 centaur zombies
  A bullfrog zombie (D:8)
  3 jellies
  10 orc priests
  3 centaur skeletons
  7 hounds
  5 orc wizards
  3 bullfrog skeletons
  3 iguanas
  Terence (D:2)
  7 worker ants
  2 hound skeletons
  8 mummies (Ossuary)
  11 gnolls
  A worker ant zombie (D:6)
  20 adders
  2 river rats (D:4)
  2 shadow imps
  An ooze (D:2)
  An adder zombie (D:6)
  An adder skeleton (D:8)
  7 worms
  2 dart slugs
  8 leopard geckos
  50 orcs
  11 bats
  10 giant cockroaches
  9 goblins
  18 hobgoblins
  10 jackals
  A quokka (D:6)
  7 ball pythons
  7 frilled lizards
  A gnoll zombie (Ossuary)
  2 hobgoblin zombies (Ossuary)
  69 kobolds
  2 kobold zombies (Ossuary)
  A leopard gecko zombie (D:5)
  3 orc zombies (Ossuary)
  A quokka skeleton (D:6)
  A quokka zombie (D:6)
  14 rats
  A rat zombie (D:6)
432 creatures vanquished.

Notes
Turn   | Place    | Note
-------+----------+-------------------------------------------
     0 | D:1      | Ivan the Minotaur Fighter began the quest for the Orb.
     0 | D:1      | Reached XP level 1. HP: 19/19 MP: 0/0
   258 | D:1      | Reached XP level 2. HP: 26/27 MP: 1/1
   315 | D:1      | Reached skill level 4 in Shields
   601 | D:1      | Reached XP level 3. HP: 33/33 MP: 2/2
   830 | D:2      | Upgraded the game from 0.24-a0-184-gcb5ae2c to
                  | 0.24-a0-189-g5d897e9
  1014 | D:2      | Reached XP level 4. HP: 2/41 MP: 3/3
  1363 | D:2      | Noticed Terence
  1370 | D:2      | Killed Terence
  1551 | D:2      | Reached XP level 5. HP: 47/47 MP: 4/4
  1762 | D:2      | Reached skill level 5 in Fighting
  1944 | D:3      | Noticed a +0 hand axe
  1944 | D:3      | Noticed a +0 dagger
  1946 | D:3      | Found a hide-covered altar of Uskayaw.
  2209 | D:3      | Reached skill level 5 in Shields
  2257 | D:3      | Reached XP level 6. HP: 46/56 MP: 5/5
  2347 | D:3      | Reached skill level 5 in Axes
  2347 | D:3      | Reached skill level 5 in Armour
  2431 | D:3      | Found a burning altar of Makhleb.
  2570 | D:3      | Found an iron altar of Okawaru.
  2572 | D:3      | Found a snail-covered altar of Cheibriados.
  2723 | D:3      | Found a deep blue altar of Sif Muna.
  3077 | D:4      | Reached XP level 7. HP: 62/62 MP: 6/6
  3230 | D:4      | Reached skill level 6 in Shields
  3243 | D:4      | Found a glowing drain.
  3248 | Sewer    | Entered a sewer
  4211 | D:4      | Noticed Pikel
  4228 | D:4      | Killed Pikel
  4228 | D:4      | Reached skill level 7 in Shields
  4228 | D:4      | Reached XP level 8. HP: 59/71 MP: 7/7
  4678 | D:5      | Entered Level 5 of the Dungeon
  4711 | D:5      | Noticed Grinder
  4733 | D:5      | Paralysed by Grinder for 5 turns
  4749 | D:5      | Killed Grinder
  4874 | D:5      | You fall through a shaft for 3 floors!
  4983 | D:6      | Reached skill level 8 in Shields
  5062 | D:6      | Reached XP level 9. HP: 43/79 MP: 8/8
  5073 | D:6      | Found a sand-covered staircase.
  5080 | Ossuary  | Entered an ossuary
  5434 | D:6      | Noticed Sigmund
  5472 | D:6      | Killed Sigmund
  5493 | D:6      | Noticed Eustachio
  5503 | D:6      | Killed Eustachio
  5572 | D:6      | Reached skill level 9 in Shields
  5821 | D:6      | Found a staircase to the Ecumenical Temple.
  5888 | Temple   | Entered the Ecumenical Temple
  5948 | Temple   | Became a worshipper of Trog the Wrathful
  6613 | D:5      | Found a sacrificial altar of Ru.
  6627 | D:5      | Reached * piety under Trog
  7029 | D:7      | Reached XP level 10. HP: 47/90 MP: 9/9
  7095 | D:7      | Found a shimmering altar of Xom.
  7263 | D:8      | Reached skill level 10 in Axes
  7300 | D:8      | Reached ** piety under Trog
  7306 | D:8      | Reached skill level 10 in Shields
  7433 | D:8      | Noticed a cyclops
  7448 | D:8      | Killed a cyclops
  8086 | D:9      | Noticed a two-headed ogre
  8103 | D:9      | Killed a two-headed ogre
  8295 | D:9      | Found a blossoming altar of Fedhas.
  8443 | D:9      | Reached skill level 11 in Shields
  8456 | D:9      | Found a staircase to the Lair.
  8496 | D:10     | Entered Level 10 of the Dungeon
  8502 | D:10     | Noticed Fannar
  8523 | D:10     | Killed Fannar
  8523 | D:10     | Reached skill level 10 in Fighting
  8603 | D:10     | Reached XP level 11. HP: 21/100 MP: 10/10
  8627 | D:10     | Noticed Grum
  8636 | D:10     | Killed Grum
  8702 | D:10     | Reached *** piety under Trog
  8912 | D:10     | Found a staircase to the Orcish Mines.
  9706 | D:11     | Reached skill level 12 in Shields
  9825 | D:11     | Found Diaprij's Assorted Antiques.
  9830 | D:11     | Bought a scroll of identify for 50 gold pieces
 10073 | D:11     | Reached **** piety under Trog
 10073 | D:11     | Reached skill level 10 in Armour
 10084 | D:11     | Noticed a four-headed hydra
 10094 | D:11     | Killed an eight-headed hydra
 10302 | D:11     | Noticed a two-headed ogre
 10314 | D:11     | Killed a two-headed ogre
 10655 | D:11     | Noticed a two-headed ogre
 10667 | D:11     | Killed a two-headed ogre
 11180 | D:11     | Gained mutation: You tend to lose your temper in combat.
                  | [potion of mutation]
 11180 | D:11     | Gained mutation: Your spells are a little harder to cast,
                  | but a little more powerful. [potion of mutation]
 11180 | D:11     | Gained mutation: You have sharp fingernails. [potion of
                  | mutation]
 11180 | D:11     | Gained mutation: You are surrounded by a mild repulsion
                  | field. (EV +2) [potion of mutation]
 11670 | D:12     | Reached skill level 13 in Shields
 11687 | D:12     | Reached XP level 12. HP: 55/110 MP: 11/11
 11803 | D:12     | HP: 2/110 [red ugly thing (5)]
 11803 | D:12     | Demolished by a red ugly thing

Levels and vault maps discovered:
D:1:      dpeg_arrival_lava_altar, layout_basic, minmay_cupped
D:2:      minmay_razor_zed, layout_basic, uniq_terence
D:3:      minmay_goblin_kobold_castle, layout_loops_ring,
          dancing_weapons_uskayaw, nicolae_overflow_hidden_temple, first_ration
D:4:      layout_basic, lightli_sewer_entry_pipes, uniq_pikel
D:5:      layout_layer_cave, nicolae_ru_great_annihilating_truth,
          chequers_serial_rivers_micro_e, uniq_grinder
D:6:      layout_loops_ring, temple_statues, enter_ossuary_4,
          wad_rectangle_vault, uniq_eustachio, uniq_sigmund
D:7:      layout_cave_pools, brannock_xom_greatest_gift
D:8:      layout_loops_ring
D:9:      layout_basic, fedhas_altar_4, lair_entry_dummy
D:10:     layout_long_grid, david_orc_3, grunt_livestock, uniq_fannar, uniq_grum
D:11:     layout_loops_cross, serial_shops, nicolae_shop_crystal
D:12:     layout_long_grid, serial_shops, shop, minmay_variable_closet,
          minmay_fire_ice_demons
Temple:   eino_wide_crystal_templ
Sewer:    sewer_frog_island_01
Ossuary:  ossuary_tomb_3

Skill      XL: |  1  2  3  4  5  6  7  8  9 10 11 |
---------------+----------------------------------+-----
Fighting       | 4 5 6 7 8 10 11 | 11.4
Shields        | 4 5 7 8 9 11 13 | 13.1
Armour         | 4 5 6 7 8 9 10 | 10.8
Axes           | 3 4 5 6 7 9 11 12 | 12.6
Dodging        | |  0.2

Action                   |  1- 3 |  4- 6 |  7- 9 | 10-12 || total
-------------------------+-------+-------+-------+-------++-------
Melee: War axe           |    67 |   215 |   469 |   503 ||  1254
       Headbutt          |    13 |    26 |    77 |   127 ||   243
Invok: Berserk           |       |       |       |     1 ||     1
  Use: Potion            |     4 |       |       |     4 ||     8
       Scroll            |       |     9 |     6 |     7 ||    22
 Stab: Paralysed         |       |       |     1 |       ||     1
  Eat: Chunk             |       |     5 |     8 |     1 ||    14
       Ration            |       |     1 |     2 |     4 ||     7
Armor: Scale mail        |    32 |    80 |   137 |   126 ||   375
       Skin              |    29 |       |       |       ||    29
Dodge: Dodged            |    17 |   106 |   136 |   188 ||   447
Block: Shield            |    44 |   141 |   268 |   332 ||   785

Table legend:
 A = Non-vault XP
 B = Vault XP
 C = Vault XP percentage of total XP
 D = Non-vault monster count
 E = Vault monster count
 F = Vault count percentage of total count
                 A         B        C        D         E       F
            +---------+---------+-------+---------+---------+-------
      Total |   16752 |    5579 |  25.0 |     281 |     151 |  35.0
            +---------+---------+-------+---------+---------+-------
        D:1 |      38 |       8 |  17.4 |      22 |       4 |  15.4
        D:2 |     115 |      59 |  33.9 |      30 |      14 |  31.8
        D:3 |      83 |     399 |  82.8 |      26 |      49 |  65.3
        D:4 |     114 |     750 |  86.8 |      12 |      16 |  57.1
        D:5 |     442 |     327 |  42.5 |      14 |       5 |  26.3
        D:6 |    1365 |     621 |  31.3 |      36 |      10 |  21.7
        D:7 |    1101 |       0 |   0.0 |      24 |       0 |   0.0
        D:8 |    1854 |       0 |   0.0 |      30 |       0 |   0.0
        D:9 |    1590 |       0 |   0.0 |       9 |       0 |   0.0
       D:10 |    1666 |    3037 |  64.6 |      23 |      19 |  45.2
       D:11 |    5813 |       0 |   0.0 |      37 |       0 |   0.0
       D:12 |    2571 |       0 |   0.0 |      18 |       0 |   0.0
      Sewer |       0 |     230 | 100.0 |       0 |      18 | 100.0
    Ossuary |       0 |     148 | 100.0 |       0 |      16 | 100.0
            +---------+---------+-------+---------+---------+-------
